[Event "71 Mistrzostwa KPZSZACH Torun 2018"]
[Site "?"]
[Date "2018.08.13"]
[Round "1"]
[White "Sliwicki, Damian"]
[Black "Cichocki, Konrad"]
[Result "0-1"]
[ECO "C51"]
[WhiteElo "2220"]
[BlackElo "1829"]
[PlyCount "109"]
[TimeControl "240+2"]

{600MB, Shredder10.ctg} 1. e4 e5 2. Nf3 Nc6 3. Bc4 Bc5 4. b4
Bxb4 5. c3 Be7 6. d4 Na5 7. Nxe5 Nxc4 8. Nxc4 d5 9. exd5 Qxd5 10. Ne3 Qa5 11.
O-O Nf6 12. Nc4 Qd5 13. Nbd2 O-O 14. Re1 Re8 15. Ne3 Qa5 16. Ndc4 Qa6 17. Ne5
Be6 18. d5 Rad8 19. c4 b5 20. dxe6 Qxe6 21. Qe2 Qxe5 22. Bb2 Qe6 23. cxb5 Bc5
24. Bxf6 Qxf6 25. Rac1 Qe5 26. g3 Bb6 27. Qf3 Qxb5 28. Nd5 Qd7 29. Red1 Qe6 30.
Rc6 Rd6 31. Rxd6 Qxd6 32. Nxb6 Qxb6 33. Rd7 Qb1+ 34. Kg2 Qxa2 35. Re7 Rf8 36.
Rxc7 h6 37. Rc3 Qe6 38. Rc6 Qa2 39. h4 Rd8 40. Rc7 a5 41. Rc5 a4 42. Qc3 Qb3
43. Qa5 Rb8 44. Re5 Qb7+ 45. Kh2 Ra8 46. Qe1 a3 47. Qa1 a2 48. Re1 Qd5 49. Kg1
Rb8 50. Qc3 Qb3 51. Qe5 Qb2 52. Qa5 Qb4 53. Qe5 Qxe1+ 54. Qxe1 Rb1 55. Kg2 0-1

[Event "71 Mistrzostwa KPZSZACH Torun 2018"]
[Site "?"]
[Date "2018.08.13"]
[Round "1"]
[White "Czarkowski, Tomasz"]
[Black "Jarzebowski, Kacper"]
[Result "0-1"]
[ECO "E11"]
[WhiteElo "1820"]
[BlackElo "2057"]
[PlyCount "32"]
[TimeControl "240+2"]

{600MB, Shredder10.ctg} 1. d4 Nf6 2. Nf3 e6 3. c4 Bb4+ 4. Bd2 c5 5. a3 Bxd2+ 6.
Nbxd2 cxd4 7. Nxd4 O-O 8. g3 d5 9. Bg2 e5 10. N4f3 Nc6 11. cxd5 Qxd5 12. O-O
Rd8 13. Qb3 e4 14. Rfd1 exf3 15. Bxf3 Qxb3 16. Nxb3 Bg4 0-1

[Event "71 Mistrzostwa KPZSZACH Torun 2018"]
[Site "?"]
[Date "2018.08.13"]
[Round "1"]
[White "Gawronski, Miroslaw"]
[Black "Ludwinski, Daniel"]
[Result "1-0"]
[ECO "D02"]
[WhiteElo "2026"]
[BlackElo "1814"]
[PlyCount "49"]
[TimeControl "240+2"]

{600MB, Shredder10.ctg} 1. d4 Nf6 2. Nf3 g6 3. Bf4 Bg7 4. h3 d5 5. e3 O-O 6. c4
c5 7. Nc3 cxd4 8. exd4 Nc6 9. c5 Ne4 10. Rc1 Qa5 11. a3 Re8 12. Be2 e5 13. dxe5
Nxe5 14. Nxe5 Bxe5 15. Bxe5 Rxe5 16. O-O Nf6 17. Qd4 Re6 18. Bf3 Ne4 19. Nxe4
dxe4 20. Bxe4 Qc7 21. Bd5 Re8 22. c6 bxc6 23. Bxc6 Rd8 24. Bxa8 Rxd4 25. Rxc7
1-0

[Event "71 Mistrzostwa KPZSZACH Torun 2018"]
[Site "?"]
[Date "2018.08.13"]
[Round "1"]
[White "Augustowski, Janusz"]
[Black "Wielosz, Jaroslaw"]
[Result "1/2-1/2"]
[ECO "D94"]
[WhiteElo "1778"]
[BlackElo "2025"]
[PlyCount "98"]
[TimeControl "240+2"]

{600MB, Shredder10.ctg} 1. d4 Nf6 2. Nf3 g6
3. c4 Bg7 4. Nc3 d5 5. e3 O-O 6. Be2 c5 7. O-O dxc4 8. Bxc4 Qc7 9. Qe2 a6 10.
dxc5 Qxc5 11. e4 b5 12. Bb3 e6 13. Be3 Qb4 14. e5 Ne4 15. Bd4 Nxc3 16. Bxc3 Qe7
17. Rfd1 Bb7 18. Ba5 Nc6 19. Bb6 Rfc8 20. a3 Qe8 21. Rd3 Ne7 22. Ba5 Bd5 23.
Rad1 Bxb3 24. Rxb3 Nd5 25. Nd4 Rc4 26. g3 Rac8 27. Rbd3 Qe7 28. h4 h5 29. Bd2
Qc7 30. f4 Bf8 31. Kh2 Bc5 32. Nf3 Rc2 33. Kh3 Be7 34. Rb3 Qc4 35. Qxc4 R8xc4
36. Ne1 Bc5 37. Nxc2 Rxc2 38. Rc1 Rxd2 39. Rxc5 Re2 40. Rc1 Ne3 41. Rb4 Ng4 42.
Rh1 Nf2+ 43. Kg2 Nxh1+ 44. Kxh1 Kf8 45. Kg1 Ke7 46. a4 bxa4 47. Rxa4 Rxb2 48.
Rxa6 Rc2 49. Ra7+ Kf8 1/2-1/2

[Event "71 Mistrzostwa KPZSZACH Torun 2018"]
[Site "?"]
[Date "2018.08.13"]
[Round "1"]
[White "Zolnierowicz, Krzysztof"]
[Black "Blajet, Radoslaw"]
[Result "1/2-1/2"]
[ECO "B14"]
[WhiteElo "2023"]
[BlackElo "1708"]
[PlyCount "63"]
[TimeControl "240+2"]

{600MB, Shredder10.ctg} 1. e4 c6 2. d4 d5 3. exd5 cxd5 4. c4 Nf6 5. Nc3 g6 6.
Qb3 Bg7 7. cxd5 O-O 8. Nge2 Na6 9. Nf4 Nc7 10. Be2 Qd6 11. O-O Rd8 12. Be3
Nfxd5 13. Nfxd5 Nxd5 14. Bc4 Be6 15. Rfe1 Nxc3 16. Bxe6 Nd5 17. Bg4 e6 18. Rac1
Qd7 19. Bf3 Rac8 20. g3 b6 21. Bxd5 Qxd5 22. Qxd5 exd5 23. Bg5 f6 24. Bf4 Kf7
25. h4 Rc4 26. b3 Rcc8 27. Kg2 Bf8 28. g4 Ba3 29. Rxc8 Rxc8 30. Re2 Rc3 31. g5
Be7 32. Be3 1/2-1/2

[Event "71 Mistrzostwa KPZSZACH Torun 2018"]
[Site "?"]
[Date "2018.08.13"]
[Round "1"]
[White "Szymanski, Jan"]
[Black "Kopaczewski, Adam"]
[Result "0-1"]
[ECO "C54"]
[WhiteElo "1708"]
[BlackElo "1980"]
[PlyCount "82"]
[TimeControl "240+2"]

{600MB, Shredder10.ctg} 1. e4 e5 2. Nf3 Nc6 3. Bc4 Nf6 4. d3 Bc5 5. c3 a6 6.
Bb3 d6 7. O-O Bg4 8. h3 Bh5 9. Bg5 h6 10. Bh4 g5 11. Bg3 Rg8 12. Nbd2 Qd7 13.
Re1 g4 14. hxg4 Qxg4 15. d4 Ba7 16. Bc2 O-O-O 17. Nf1 exd4 18. cxd4 Qg7 19. Qd3
Nb4 20. Qc3 Nxc2 21. Qxc2 Bxf3 22. gxf3 Bxd4 23. Rac1 Bb6 24. Qb3 Kb8 25. Ne3
Bxe3 26. Rxe3 h5 27. Kf1 h4 28. Rec3 Rc8 29. Bxh4 Nh5 30. Bg3 Nxg3+ 31. fxg3
Qxg3 32. Ke2 Qf4 33. Re3 Rg2+ 34. Kd3 Rf2 35. Rce1 Rxf3 36. Rxf3 Qxf3+ 37. Re3
Qf1+ 38. Kc3 Qc1+ 39. Kd3 c5 40. Qxf7 Qd1+ 41. Kc3 Qd4+ 0-1

[Event "71 Mistrzostwa KPZSZACH Torun 2018"]
[Site "?"]
[Date "2018.08.13"]
[Round "1"]
[White "Bartosik, Piotr"]
[Black "Sivickis, Wiktoria"]
[Result "1-0"]
[ECO "B33"]
[WhiteElo "1899"]
[BlackElo "1653"]
[PlyCount "95"]
[TimeControl "240+2"]

{600MB, Shredder10.ctg} 1. e4 c5 2. Nf3 Nc6 3. d4 cxd4 4. Nxd4 e5 5. Nb5 d6 6.
N1c3 Nf6 7. Bg5 a6 8. Na3 Be7 9. Nc4 b5 10. Bxf6 gxf6 11. Ne3 Be6 12. a4 b4 13.
Ncd5 Bxd5 14. Qxd5 Qc7 15. Bc4 O-O 16. Nf5 Rac8 17. Bxa6 Nd4 18. Nxd4 exd4 19.
Bxc8 Rxc8 20. O-O Qc5 21. Qb3 Bd8 22. Rfd1 Bb6 23. Qg3+ Kh8 24. Qf4 Qe5 25.
Qxe5 dxe5 26. a5 Bd8 27. a6 Ra8 28. a7 Kg8 29. c3 bxc3 30. bxc3 Bb6 31. Ra6 Bc5
32. Rb1 Rxa7 33. Rxa7 Bxa7 34. c4 Kf8 35. Rb7 Bc5 36. Kf1 Ke8 37. Ke2 f5 38. f3
f4 39. Kd3 Bd6 40. Rb5 Kd7 41. c5 Bc7 42. Kc4 Kc6 43. Rb3 Bd8 44. Ra3 Be7 45.
Ra6+ Kb7 46. Rh6 d3 47. c6+ Kc7 48. Kxd3 1-0

[Event "71 Mistrzostwa KPZSZACH Torun 2018"]
[Site "?"]
[Date "2018.08.13"]
[Round "1"]
[White "Muzalewski, Slawomir"]
[Black "Zielinski, Olgierd"]
[Result "0-1"]
[ECO "B33"]
[WhiteElo "1442"]
[BlackElo "1867"]
[PlyCount "105"]
[TimeControl "240+2"]

{600MB, Shredder10.ctg} 1. e4 c5 2. Nf3 Nc6 3. d4 cxd4 4. Nxd4 Qb6 5. Nb3 Nf6
6. Nc3 e6 7. Be3 Qc7 8. Nb5 Qb8 9. f3 d5 10. Bd3 a6 11. N5d4 Bd6 12. Qd2 dxe4
13. Bxe4 Nxe4 14. fxe4 Ne5 15. Qe2 b5 16. Nd2 Bd7 17. b3 h5 18. h3 Qc7 19. c4
bxc4 20. bxc4 Bb4 21. Rc1 Nc6 22. O-O Nxd4 23. Bxd4 e5 24. Be3 Be6 25. Rc2 Qc6
26. Kh1 f6 27. Qf3 Qd7 28. Nb3 Qd3 29. Rfc1 Rc8 30. Bg1 Qxf3 31. gxf3 Bxh3 32.
a3 Bxa3 33. Ra1 Be7 34. Rxa6 Bf1 35. Ra4 h4 36. c5 h3 37. Ra1 Bg2+ 38. Kh2 Bxf3
39. Rc4 g5 40. Ra7 Bg4 41. Rb4 Be6 42. Rbb7 Bf8 43. Na5 g4 44. c6 Rg8 45. Bf2
Bd6 46. Ra6 Bc7 47. Raa7 Rg7 48. Kg3 f5 49. exf5 Bxf5 50. Bb6 Bxb6 51. Rxg7
Bxa7 52. Rg8+ Kf7 53. Rxc8 0-1

[Event "71 Mistrzostwa KPZSZACH Torun 2018"]
[Site "?"]
[Date "2018.08.14"]
[Round "2"]
[White "Jarzebowski, Kacper"]
[Black "Bartosik, Piotr"]
[Result "1-0"]
[ECO "E70"]
[WhiteElo "2057"]
[BlackElo "1899"]
[PlyCount "89"]
[TimeControl "240+2"]

{600MB, Shredder10.ctg} 1. d4 Nf6 2. c4 g6 3. Nc3 Bg7 4. e4 d6 5. Bd3 O-O 6.
Nge2 Nc6 7. O-O a5 8. f3 e5 9. d5 Nd4 10. Bg5 c5 11. Qd2 Re8 12. Ng3 Bd7 13. h4
Qe7 14. h5 h6 15. Bxh6 Nxh5 16. Nxh5 gxh5 17. Qg5 Qxg5 18. Bxg5 Kh7 19. Kf2 Kg6
20. Bd2 h4 21. Rh1 Rh8 22. Rag1 f6 23. Rh2 Bh6 24. Bxh6 Rxh6 25. g3 h3 26. g4
Kg5 27. Kg3 Rah8 28. Nd1 Rh4 29. Nf2 Kg6 30. Rgh1 Kf7 31. Rxh3 Rxh3+ 32. Rxh3
Rxh3+ 33. Nxh3 Ba4 34. Nf2 Kg6 35. f4 Bc2 36. Bxc2 Nxc2 37. Nd1 Nd4 38. Nc3 Kf7
39. Nb5 Nxb5 40. cxb5 a4 41. f5 c4 42. a3 Kg7 43. Kh4 Kh7 44. g5 Kg7 45. g6 1-0

[Event "71 Mistrzostwa KPZSZACH Torun 2018"]
[Site "?"]
[Date "2018.08.14"]
[Round "2"]
[White "Zielinski, Olgierd"]
[Black "Gawronski, Miroslaw"]
[Result "0-1"]
[ECO "B42"]
[WhiteElo "1867"]
[BlackElo "2026"]
[PlyCount "74"]
[TimeControl "240+2"]

{600MB, Shredder10.ctg} 1. e4 c5 2. Nf3 e6 3. d4 cxd4 4. Nxd4 a6 5. Bd3 Qc7 6.
O-O b6 7. f4 Bb7 8. Be3 Nf6 9. Nd2 h5 10. Kh1 Ng4 11. Bg1 Bc5 12. c3 f6 13. Qe2
Bd6 14. e5 fxe5 15. Bg6+ Kd8 16. fxe5 Bxe5 17. N4f3 Bd6 18. Rad1 b5 19. Ne4 Bf4
20. Neg5 Kc8 21. Nxe6 dxe6 22. Qxe6+ Nd7 23. Be8 Ngf6 24. Bxd7+ Nxd7 25. Rd4
Rf8 26. Qe7 Rg8 27. Qe6 Rd8 28. Rfd1 g5 29. R4d3 Qc6 30. Qe7 h4 31. Bb6 Qxb6
32. Rxd7 Rxd7 33. Rxd7 Kb8 34. h3 Qc6 35. Qg7 Ka7 36. Qd4+ Qb6 37. Qe4 Rd8 0-1

[Event "71 Mistrzostwa KPZSZACH Torun 2018"]
[Site "?"]
[Date "2018.08.14"]
[Round "2"]
[White "Kopaczewski, Adam"]
[Black "Cichocki, Konrad"]
[Result "1-0"]
[ECO "C22"]
[WhiteElo "1980"]
[BlackElo "1829"]
[PlyCount "71"]
[TimeControl "240+2"]

{600MB, Shredder10.ctg} 1. e4 e5 2. d4 exd4 3. Qxd4 Nc6 4. Qe3 Nf6 5. Bd2 Bb4
6. Nc3 O-O 7. O-O-O Re8 8. Bc4 d6 9. Nh3 Na5 10. Bd3 d5 11. Qg5 dxe4 12. Nxe4
Nxe4 13. Qxd8 Bxd2+ 14. Rxd2 Rxd8 15. Bxe4 Bxh3 16. Rxd8+ Rxd8 17. gxh3 Nc6 18.
Bxc6 bxc6 19. Rd1 Rd5 20. Rxd5 cxd5 21. Kd2 Kf8 22. Kc3 Ke7 23. Kb4 Kd6 24. Kb5
c5 25. a4 g5 26. Ka6 d4 27. b3 c4 28. bxc4 Kc5 29. Kxa7 Kxc4 30. Kb6 d3 31.
cxd3+ Kxd3 32. a5 Ke2 33. a6 Kxf2 34. a7 Kg2 35. a8=Q+ Kxh3 36. Qb8 1-0

[Event "71 Mistrzostwa KPZSZACH Torun 2018"]
[Site "?"]
[Date "2018.08.14"]
[Round "2"]
[White "Wielosz, Jaroslaw"]
[Black "Zolnierowicz, Krzysztof"]
[Result "0-1"]
[ECO "A43"]
[WhiteElo "2025"]
[BlackElo "2023"]
[PlyCount "66"]
[TimeControl "240+2"]

{600MB, Shredder10.ctg} 1. d4 c5 2. d5 e6 3. Nc3 exd5 4. Nxd5 d6 5. e4 Nc6 6.
Nf3 Nf6 7. Nxf6+ Qxf6 8. c3 Qg6 9. Be3 Be7 10. h3 O-O 11. g4 Ne5 12. Nxe5 dxe5
13. Qc2 Be6 14. Be2 b6 15. g5 Rad8 16. h4 f6 17. h5 Qf7 18. g6 hxg6 19. hxg6
Qxg6 20. Kf1 f5 21. Rg1 Qh7 22. exf5 Rxf5 23. Ke1 Qh2 24. Rf1 Qg2 25. Bd3 Rh5
26. Be4 Qg4 27. b3 Rh3 28. Bd3 e4 29. Be2 Rxe3 30. fxe3 Bh4+ 31. Rf2 Bxf2+ 32.
Kxf2 Rf8+ 33. Ke1 Qg1+ 0-1

[Event "71 Mistrzostwa KPZSZACH Torun 2018"]
[Site "?"]
[Date "2018.08.14"]
[Round "2"]
[White "Blajet, Radoslaw"]
[Black "Augustowski, Janusz"]
[Result "1-0"]
[ECO "B07"]
[WhiteElo "1708"]
[BlackElo "1778"]
[PlyCount "79"]
[TimeControl "240+2"]

{600MB, Shredder10.ctg} 1. e4 d6 2. d4 Nf6 3. Nc3 g6 4. Be2 Bg7 5. Be3 O-O 6.
h4 Nbd7 7. h5 c5 8. hxg6 hxg6 9. g4 cxd4 10. Bxd4 Nc5 11. g5 Nh7 12. Bxg7 Kxg7
13. Qd2 e5 14. Nf3 Bg4 15. Rg1 Bxf3 16. Bxf3 Ne6 17. O-O-O Nhxg5 18. Be2 Nf4
19. Rg3 Nge6 20. Bg4 Nd4 21. Qe3 Qf6 22. Ne2 Ndxe2+ 23. Bxe2
Rh8 24. Bc4 Rac8 25. Bb3 b6 26. Rf3 Rc5 27. Kb1 a5 28. Qd2 Rd8 29. a4 Qh4 30.
Qe1 Qg4 31. Qe3 Qh5 32. Rg1 d5 33. exd5 Nxd5 34. Qe4 Nf4 35. Qb7 Rf8 36. Rfg3 Rcc8 37. Rg5 Qh2 38. Qxb6 Ne2 39. Rxg6+ Kh8 40. Rh6+ 1-0

[Event "71 Mistrzostwa KPZSZACH Torun 2018"]
[Site "?"]
[Date "2018.08.14"]
[Round "2"]
[White "Szymanski, Jan"]
[Black "Sliwicki, Damian"]
[Result "0-1"]
[ECO "B03"]
[WhiteElo "1708"]
[BlackElo "2220"]
[PlyCount "112"]
[TimeControl "240+2"]

{600MB, Shredder10.ctg} 1. e4 Nf6 2. e5 Nd5 3. d4 d6 4. c4 Nb6 5. exd6 exd6 6.
Nc3 Be7 7. Be3 O-O 8. Bd3 Nc6 9. a3 Bf6 10. Nge2 g6 11. O-O Re8 12. Qd2 d5 13.
c5 Nc4 14. Bxc4 dxc4 15. Rfd1 Na5 16. Nc1 b6 17. d5 Bg4 18. f3 Bf5 19. Bd4 Bd3
20. Bxf6 Qxf6 21. Nxd3 Nb3 22. Qf4 Qxf4 23. Nxf4 Nxa1 24. Rxa1 bxc5 25. Ne4
Reb8 26. Rc1 Rxb2 27. Rxc4 Rab8 28. Rxc5 R8b7 29. Nf6+ Kf8 30. Nxh7+ Kg7 31.
Ng5 Ra2 32. h4 Rxa3 33. Kf2 Ra6 34. Rc4 Rab6 35. Kg3 a5 36. Ne4 Ra7 37. Ra4 Rb4
38. Nc3 Rxa4 39. Nxa4 Rb7 40. Nd3 Rb5 41. Ndc5 Kf6 42. f4 Ke7 43. Kf3 Rb4 44.
g4 f5 45. gxf5 gxf5 46. h5 Kf7 47. Ke3 Rc4 48. Kf3 Kg8 49. Kg3 Kh7 50. Kh4 Kh6
51. Kg3 Kxh5 52. Kf3 Kg6 53. Ke3 Kf7 54. Kf3 Ke7 55. Ke3 Kd6 56. Nb7+ Kxd5 0-1

[Event "71 Mistrzostwa KPZSZACH Torun 2018"]
[Site "?"]
[Date "2018.08.14"]
[Round "2"]
[White "Sivickis, Wiktoria"]
[Black "Czarkowski, Tomasz"]
[Result "0-1"]
[ECO "E11"]
[WhiteElo "1653"]
[BlackElo "1820"]
[PlyCount "116"]
[TimeControl "240+2"]

{600MB, Shredder10.ctg} 1. d4 e6 2. c4 Nf6 3. Nf3 Bb4+ 4. Bd2 c5 5. e3 O-O 6.
Bd3 Nc6 7. a3 Bxd2+ 8. Qxd2 cxd4 9. exd4 d5 10. Nc3 dxc4 11. Bxc4 a6 12. O-O b5
13. Bd3 Kh8 14. Be4 Bb7 15. Bxc6 Bxc6 16. Ne5 Bb7 17. Qe3 Nd5 18. Nxd5 Qxd5 19.
f3 Rad8 20. Rac1 f6 21. Nd3 Qxd4 22. Qxd4 Rxd4 23. Nc5 Bc8 24. Rfe1 e5 25. Re3
Rd6 26. Ne4 Rb6 27. Rec3 Bb7 28. Nc5 Bc8 29. Ne4 Bf5 30. Rc6 Rxc6 31. Rxc6 Bxe4
32. fxe4 Ra8 33. Kf2 h6 34. Ke3 Kh7 35. g4 Kg6 36. h4 Ra7 37. Rb6 h5 38. g5 Kf7
39. gxf6 gxf6 40. b4 Ke7 41. Rb8 Rc7 42. Kd3 Rd7+ 43. Ke3 Rd8 44. Rb6 Rd6 45.
Rb7+ Rd7 46. Rb6 Ra7 47. Rb8 Kf7 48. Rb6 Kg6 49. Kd3 a5 50. Rxb5 axb4 51. axb4
Ra3+ 52. Ke2 Rh3 53. Rc5 Rxh4 54. Rc4 Rh2+ 55. Kf3 Rb2 56. Kg3 Kg5 57. Kh3 Rb3+
58. Kh2 Kg4 0-1

[Event "71 Mistrzostwa KPZSZACH Torun 2018"]
[Site "?"]
[Date "2018.08.14"]
[Round "2"]
[White "Ludwinski, Daniel"]
[Black "Muzalewski, Slawomir"]
[Result "1-0"]
[ECO "C36"]
[WhiteElo "1814"]
[BlackElo "1442"]
[PlyCount "74"]
[TimeControl "240+2"]

{600MB, Shredder10.ctg} 1. e4 e5 2. f4 exf4 3. Nf3 d5 4. exd5 Qxd5 5. Nc3 Qe6+
6. Be2 Bc5 7. d4 Bb4 8. O-O Bxc3 9. bxc3 Ne7 10. Bxf4 O-O 11. Ng5 Qc6 12. Bd3
h6 13. Ne4 f5 14. Nd2 Nd7 15. c4 Nf6 16. Nf3 Ng6 17. Ne5 Nxe5
18. Bxe5 Ng4 19. Bf4 Be6 20. h3 Nf6 21. d5 Qc5+ 22. Kh1 Bd7 23. Qf3 Ne4 24.
Rae1 Rae8 25. Bxe4 fxe4 26. Rxe4 Rxe4 27. Qxe4 Qa3 28. Rf3 Qxa2 29. Bxc7 Re8
30. Qf4 Re1+ 31. Kh2 Qa4 32. Be5 Rxe5 33. Qxe5 Qxc2 34. Qe7 Bf5 35. d6 Be4 36.
Rg3 g6 37. d7 Qxg2+ 1-0

[Event "71 Mistrzostwa KPZSZACH Torun 2018"]
[Site "?"]
[Date "2018.08.15"]
[Round "3"]
[White "Gawronski, Miroslaw"]
[Black "Jarzebowski, Kacper"]
[Result "1-0"]
[ECO "A48"]
[WhiteElo "2026"]
[BlackElo "2057"]
[PlyCount "61"]
[TimeControl "240+2"]

{600MB, Shredder10.ctg} 1. d4 d6 2. Nf3 g6 3. h3 Bg7 4. Bf4 c5 5. e3 Nf6 6. c3
Nbd7 7. Be2 O-O 8. O-O b6 9. a4 Bb7 10. Nbd2 Nd5 11. Bh2 e5 12. Nc4 Qe7 13. Re1
f5 14. Bf1 a6 15. Qb3 Kh8 16. Rad1 Rad8 17. dxe5 dxe5 18. e4 fxe4 19. Nfd2 e3
20. Nxe3 Nf4 21. Ndc4 Qf6 22. Bg3 Qf7 23. Qc2 Qe7 24. Nd6 Nf6 25. Nxb7 Qxb7 26.
Nc4 Rxd1 27. Qxd1 Ne4 28. Nd6 Nxd6 29. Qxd6 g5 30. Rxe5 Bxe5 31. Qxf8# 1-0

[Event "71 Mistrzostwa KPZSZACH Torun 2018"]
[Site "?"]
[Date "2018.08.15"]
[Round "3"]
[White "Zolnierowicz, Krzysztof"]
[Black "Kopaczewski, Adam"]
[Result "1/2-1/2"]
[ECO "C55"]
[WhiteElo "2023"]
[BlackElo "1980"]
[PlyCount "60"]
[TimeControl "240+2"]

{600MB, Shredder10.ctg} 1. e4 e5 2. Nf3 Nc6 3. Nc3 Nf6 4. Bc4 Nxe4 5. Nxe4 d5
6. Bd3 dxe4 7. Bxe4 Bd6 8. d4 Nxd4 9. Nxd4 exd4 10. Qxd4 O-O 11. Be3 Qe7 12.
Qd3 f5 13. Bd5+ Kh8 14. O-O-O f4 15. Bd4 Bf5 16. Qf3 c6 17. Rde1 Qd7 18. Be4
Rae8 19. Bxf5 Qxf5 20. Qc3 Qf7 21. Rxe8 Rxe8 22. Re1 Rxe1+ 23. Qxe1 c5 24. Be5
Qe7 25. Bc3 Qf7 26. Be5 Qe7 27. Bc3 Qf7 28. Be5 Qe7 29. Bc3 Qf7 30. Be5 Qe7
1/2-1/2

[Event "71 Mistrzostwa KPZSZACH Torun 2018"]
[Site "?"]
[Date "2018.08.15"]
[Round "3"]
[White "Sliwicki, Damian"]
[Black "Blajet, Radoslaw"]
[Result "1-0"]
[ECO "A15"]
[WhiteElo "2220"]
[BlackElo "1708"]
[PlyCount "149"]
[TimeControl "240+2"]

{600MB, Shredder10.ctg} 1. Nf3 Nf6 2. e3 g6 3. b4 Bg7 4. Bb2 O-O 5. c4 d6 6.
Be2 Nbd7 7. O-O e6 8. Nc3 b6 9. Qc2 Bb7 10. d4 c5 11. bxc5 dxc5 12. Rfd1 cxd4
13. exd4 a6 14. d5 e5 15. Rab1 Rc8 16. a4 Qc7 17. Ba3 Rfe8 18. Qb3 Bf8 19. d6
Qc6 20. c5 Red8 21. Bb5 Nxc5 22. Bxc6 Nxb3 23. Bxb7 Rxc3 24. Bb4 Rxf3 25. Bxf3
Nd4 26. Re1 Nc2 27. Rxe5 Nxb4 28. Rxb4 Rxd6 29. Rb1 Rd4 30. a5 Bd6 31. Ree1
bxa5 32. Red1 Rxd1+ 33. Rxd1 Be5 34. Bc6 h5 35. g3 Kg7 36. Rd3 Bc7 37. h3 Kf8
38. Re3 Bd6 39. Kg2 Bb4 40. f3 Kg7 41. f4 Bd2 42. Re7 Bb4 43. Ra7 Bc3 44. Kf3
Bb4 45. Rxa6 Ng8 46. g4 hxg4+ 47. hxg4 Ne7 48. Be4 f6 49. Ra7 Kh6 50. Rd7 g5
51. fxg5+ Kxg5 52. Rb7 Kh6 53. Rb6 Kg5 54. Rb8 Bc3 55. Re8 Bb4 56. Rh8 f5 57.
Bxf5 Nxf5 58. Rh5+ Kg6 59. Rxf5 Bc3 60. Rc5 Bb4 61. Rd5 Bc3 62. Kf4 Bb4 63.
Rg5+ Kf6 64. Rf5+ Kg6 65. Rd5 Kf6 66. g5+ Kg6 67. Rb5 Bd2+ 68. Kg4 Bc3 69. Rb6+
Kg7 70. Kf5 Bd4 71. Rb7+ Kf8 72. Kg6 Be5 73. Rf7+ Ke8 74. Ra7 Bc3 75. Kh7 1-0

[Event "71 Mistrzostwa KPZSZACH Torun 2018"]
[Site "?"]
[Date "2018.08.15"]
[Round "3"]
[White "Bartosik, Piotr"]
[Black "Ludwinski, Daniel"]
[Result "1/2-1/2"]
[ECO "B37"]
[WhiteElo "1899"]
[BlackElo "1814"]
[PlyCount "60"]
[TimeControl "240+2"]

{600MB, Shredder10.ctg} 1. e4 c5 2. Nf3 g6 3. d4 cxd4 4. Nxd4 Bg7 5. c4 Nc6 6.
Nc2 Nf6 7. Nc3 a5 8. Be3 d6 9. f3 O-O 10. Qd2 Re8 11. Be2 Be6 12. Nd5 Bxd5 13.
cxd5 Ne5 14. Bb5 Rf8 15. Qf2 Qd7 16. Bxd7 Nd3+ 17. Ke2 Nxf2 18. Bxf2 Nxd7 19.
Nd4 Rfc8 20. Rac1 Kf8 21. Rc3 Rxc3 22. bxc3 Rc8 23. Rb1 Rxc3 24. Rxb7 Ke8 25.
Ra7 Nc5 26. Nc6 Rc2+ 27. Kf1 Rc1+ 28. Ke2 Rc2+ 29. Kf1 Rc1+ 30. Ke2 Rc2+
1/2-1/2

[Event "71 Mistrzostwa KPZSZACH Torun 2018"]
[Site "?"]
[Date "2018.08.15"]
[Round "3"]
[White "Cichocki, Konrad"]
[Black "Zielinski, Olgierd"]
[Result "1/2-1/2"]
[ECO "E94"]
[WhiteElo "1829"]
[BlackElo "1867"]
[PlyCount "60"]
[TimeControl "240+2"]

{600MB, Shredder10.ctg} 1. d4 Nf6 2. Nf3 g6 3. c4 Bg7 4. Nc3
O-O 5. e4 d6 6. Be2 e5 7. O-O exd4 8. Nxd4 Re8 9. f3 c6 10. Nc2 a6 11. Rb1 b5
12. Bf4 b4 13. Na4 Qa5 14. b3 d5 15. cxd5 cxd5 16. Be3 Nbd7 17. Bd2 dxe4 18.
Bxb4 Qc7 19. Bd6 Qa7+ 20. Qd4 Qxd4+ 21. Nxd4 Bb7 22. Rfd1 exf3 23. Bxf3 Bxf3
24. Nxf3 Re2 25. Nc3 Rc2 26. Rbc1 Rxc1 27. Rxc1 Rc8 28. Ne2 Rxc1+ 29. Nxc1 Ne4
30. Bb4 Nb6 1/2-1/2

[Event "71 Mistrzostwa KPZSZACH Torun 2018"]
[Site "?"]
[Date "2018.08.15"]
[Round "3"]
[White "Czarkowski, Tomasz"]
[Black "Wielosz, Jaroslaw"]
[Result "0-1"]
[ECO "A48"]
[WhiteElo "1820"]
[BlackElo "2025"]
[PlyCount "24"]
[TimeControl "240+2"]

{600MB, Shredder10.ctg} 1. d4 Nf6 2. Nf3 g6 3. Bf4 Bg7 4. h3 d6 5. e3 b6 6. Nc3
Bb7 7. Be2 Nbd7 8. O-O O-O 9. Bh2 c5 10. Qd3 Rc8 11. Nd2 c4 12. Nxc4 Ba6 0-1

[Event "71 Mistrzostwa KPZSZACH Torun 2018"]
[Site "?"]
[Date "2018.08.15"]
[Round "3"]
[White "Augustowski, Janusz"]
[Black "Szymanski, Jan"]
[Result "0-1"]
[ECO "D13"]
[WhiteElo "1778"]
[BlackElo "1708"]
[PlyCount "44"]
[TimeControl "240+2"]

{600MB, Shredder10.ctg} 1. d4 d5 2. Nf3 Nf6 3. c4 c6 4. cxd5 cxd5 5. Nc3 Nc6 6.
Bf4 a6 7. e3 e6 8. Bd3 Bd6 9. Bg3 O-O 10. O-O Bxg3 11. hxg3 Re8 12. Rc1 e5 13.
dxe5 Nxe5 14. Nxe5 Rxe5 15. Qc2 Bd7 16. Rfd1 Rc8 17. Qd2 Bc6 18. Ne2 Ng4 19.
Nd4 Qf6 20. Qc2 g6 21. Be2 Qxf2+ 22. Kh1 Rh5# 0-1

[Event "71 Mistrzostwa KPZSZACH Torun 2018"]
[Site "?"]
[Date "2018.08.15"]
[Round "3"]
[White "Muzalewski, Slawomir"]
[Black "Sivickis, Wiktoria"]
[Result "0-1"]
[ECO "A43"]
[WhiteElo "1442"]
[BlackElo "1653"]
[PlyCount "142"]
[TimeControl "240+2"]

{600MB, Shredder10.ctg} 1. Nf3 c5 2. d4 cxd4 3. Nxd4 a6 4. Nc3 Nf6 5. e3 e5 6.
Nf3 Nc6 7. a3 d5 8. b4 b5 9. Bb2 Be7 10. Ne2 Qc7 11. Ng3 O-O 12. Be2 Bb7 13.
O-O Rfd8 14. c3 Bf8 15. Rc1 g6 16. h4 Bg7 17. h5 Qd7 18. hxg6 hxg6 19. Ng5 Bh6
20. Nf3 Ne4 21. Nxe4 dxe4 22. Qxd7 Rxd7 23. Ne1 Rd2 24. Rc2 Rad8 25. Bc1 Rxc2
26. Nxc2 Ne7 27. c4 bxc4 28. Bxc4 Rc8 29. Bb3 Bd5 30. Bxd5 Nxd5 31. Na1 f5 32.
Bb2 f4 33. Bxe5 fxe3 34. fxe3 Nxe3 35. Re1 Nc4 36. Bd4 Nxa3 37. Rxe4 Rc4 38.
Re8+ Kf7 39. Rd8 Rxd4 40. Rxd4 Be3+ 41. Kf1 Bxd4 42. Nb3 Bb6 43. Nc1 Ke6 44.
Ke2 Nc2 45. Na2 Kd5 46. Kd3 Ne1+ 47. Kc3 Nxg2 48. Nc1 Nf4 49. Nb3 g5 50. Nd2 g4
51. Nc4 Bd4+ 52. Kb3 g3 53. Nd2 g2 54. Nf3 g1=Q 55. Nxg1 Bxg1 56. Ka4 Bb6 57.
b5 a5 58. Kb3 Kd4 59. Ka3 Kc4 60. Ka4 Nd5 61. Ka3 Kxb5 62. Kb3 a4+ 63. Ka3 Bc5+
64. Kb2 Kb4 65. Ka2 Nc3+ 66. Kb2 a3+ 67. Ka1 Na4 68. Ka2 Bd6 69. Ka1 Kb3 70.
Kb1 a2+ 71. Ka1 Be5# 0-1

[Event "71 Mistrzostwa KPZSZACH Torun 2018"]
[Site "?"]
[Date "2018.08.15"]
[Round "4"]
[White "Kopaczewski, Adam"]
[Black "Gawronski, Miroslaw"]
[Result "0-1"]
[ECO "B12"]
[WhiteElo "1980"]
[BlackElo "2026"]
[PlyCount "70"]
[TimeControl "240+2"]

{600MB, Shredder10.ctg} 1. e4 c6 2. d4 d5 3. e5 Bf5 4. h4 h6 5. g4 Be4 6. f3
Bh7 7. e6 fxe6 8. Bd3 Bxd3 9. Qxd3 Qd6 10. f4 Nf6 11. Nf3 Qb4+ 12. c3 Qb5 13.
Qg6+ Kd8 14. Ne5 Kc7 15. Nd2 Nbd7 16. Nf7 Rg8 17. g5 Ne4 18.
Nxe4 dxe4 19. Qh7 Qd3 20. Rg1 Qf3 21. Qxg8 e3 22. Rf1 Qg3+ 23. Kd1 Qg2 24. Re1
Qf3+ 25. Kc2 Qf2+ 26. Bd2 Qxd2+ 27. Kb3 a5 28. Ne5 Nxe5 29.
fxe5 Ra6 30. Ka3 Rb6 31. b3 Qxc3 32. Rad1 a4 33. Rxe3 Qxe3 34. Qxe6 axb3 35.
axb3 Qc3 0-1

[Event "71 Mistrzostwa KPZSZACH Torun 2018"]
[Site "?"]
[Date "2018.08.15"]
[Round "4"]
[White "Jarzebowski, Kacper"]
[Black "Sliwicki, Damian"]
[Result "1-0"]
[ECO "D34"]
[WhiteElo "2057"]
[BlackElo "2220"]
[PlyCount "121"]
[TimeControl "240+2"]

{600MB, Shredder10.ctg} 1. d4 Nf6 2. c4 e6 3. Nf3 d5 4. g3 c5 5. cxd5 exd5 6.
Bg2 Nc6 7. O-O cxd4 8. Nxd4 Be7 9. Nc3 O-O 10. e4 Bg4 11. Nxc6 bxc6 12. Qa4
dxe4 13. Nxe4 Be2 14. Re1 Bb5 15. Qb3 Nxe4 16. Bxe4 Qd4 17. Qc2 Bf6 18. a4 Ba6
19. Be3 Qc4 20. Bxh7+ Kh8 21. Qxc4 Bxc4 22. Be4 Bd5 23. Bxd5 cxd5 24. Rad1 Rfb8
25. Rxd5 Rxb2 26. Bd4 Bxd4 27. Rxd4 a5 28. Re7 Rb4 29. Rdd7 Rf8 30. Rxf7 Rxf7
31. Rxf7 Rxa4 32. Ra7 Kh7 33. Ra6 Ra1+ 34. Kg2 a4 35. h4 a3 36. Kf3 Kg8 37. Kg4
Kf7 38. h5 a2 39. Kg5 Rb1 40. Rxa2 Rb5+ 41. Kg4 Rb4+ 42. f4 Rb3 43. Ra6 Rb1 44.
Kg5 Rb8 45. g4 Kg8 46. h6 Rb7 47. hxg7 Rc7 48. Kh6 Ra7 49. Rf6 Rxg7 50. Rg6 Kh8
51. f5 Ra7 52. Rb6 Rh7+ 53. Kg5 Rg7+ 54. Kh5 Rf7 55. f6 Rf8 56. g5 Ra8 57. Rb7
Rf8 58. Kg6 Kg8 59. Rg7+ Kh8 60. Rh7+ Kg8 61. f7+ 1-0